 Dungeon Crawl Stone Soup version 0.22.0-32-gbc6daba (webtiles) character file.

90 iamserjio the Ruffian (level 4, 5/44 HPs)
             Began as a Troll Fighter on Aug 23, 2018.
             Was a Follower of Makhleb.
             Quit the game on level 4 of the Dungeon.
             The game lasted 00:04:06 (626 turns).

iamserjio the Ruffian (Troll Fighter)                Turns: 626, Time: 00:04:07

Health: 5/44       AC:  7    Str: 24    XL:     4   Next: 32%
Magic:  3/3        EV:  8    Int:  5    God:    Makhleb [*.....]
Gold:   45         SH:  0    Dex:  9    Spells: 3/3 levels left

rFire    + . .     SeeInvis .     - Unarmed
rCold    + . .     Gourm    +   b - +0 shield
rNeg     . . .     Faith    .   j - +2 robe {MR+}
rPois    +         Spirit   .   (helmet restricted)
rElec    +         Reflect  .   (no cloak)
rCorr    +         Harm     .   (gloves unavailable)
MR       +....                  (boots unavailable)
Stlth    +.........             (no amulet)
HPRegen  0.54/turn              l - ring of flight
MPRegen  0.08/turn              (no ring)

@: confused, lethally poisoned (5 -> -2), resistant
A: large, unfitting armour, claws 3, fast metabolism 3, gourmand, regeneration
1, shaggy fur 1, tough skin 2
a: Renounce Religion, Evoke Flight


You were on level 4 of the Dungeon.
You worshipped Makhleb.
Makhleb was aware of your devotion.
You were not hungry.

You visited 1 branch of the dungeon, and saw 4 of its levels.

You collected 45 gold pieces.

Inventory:

Armour
 a - a +0 robe
 b - a +0 shield (worn)
 j - a +2 robe of magic resistance (worn)
Jewellery
 l - a ring of flight (left claw)
Wands
 o - a wand of digging (11)
Scrolls
 e - 2 scrolls of magic mapping {unknown}
 i - 5 scrolls of identify {unknown}
 k - a scroll of blinking {unknown}
 n - a scroll of remove curse {unknown}
Potions
 c - a potion of might
Miscellaneous
 m - a fan of gales
Comestibles
 d - 7 rations


   Skills:
 - Level 2.4 Fighting
 - Level 2.4 Dodging
 - Level 2.4 Shields
 + Level 4.6 Unarmed Combat


You had 3 spell levels left.
You didn't know any spells.
Your spell library contained the following spells:

 Spells                   Type           Power        Failure   Level  Hunger
 Animate Skeleton         Necr           N/A          91%         1    ##.....
 Pain                     Necr           #...         91%         1    ##.....
 Regeneration             Chrm/Necr      #.........   100%        3    ####...
 Vampiric Draining        Necr           #.........   100%        3    ####...
 Animate Dead             Necr           N/A          100%        4    #####..


Dungeon Overview and Level Annotations

Branches:
Dungeon (4/15)
 Temple: D:4-7

Altars:
Makhleb
Xom
Zin

Annotations:
D:4 Sigmund


Innate Abilities, Weirdness & Mutations

You are too large for most types of armour.
You have claws for hands.
Your metabolism is lightning-fast.
You like to eat raw meat.
Your natural rate of healing is unusually fast.
You are covered in fur. (AC +1)
You have very tough skin. (AC +2)


Message History

An orc comes into view.
It was a potion of ambrosia.
You are more confused.
You feel invigorated.
You feel sick.
The orc priest looks satisfied for a moment.
The phantom hits you!
* * * LOW HITPOINT WARNING * * *
The phantom blinks!
The worker ant bites you.
* * * LOW HITPOINT WARNING * * *
It was a potion of resistance.
You feel protected.
* * * LOW HITPOINT WARNING * * *
You feel sick.
The orc priest hits you but does no damage.
The phantom hits you.
* * * LOW HITPOINT WARNING * * *
The phantom blinks!
The worker ant bites you but does no damage.
An orc comes into view. It is wielding a hand axe of chopping.
Are you sure you want to abandon this character and quit the game? (Confirm with "yes".)

.#.# .. ...
o .W# . ..#
o# #.##.#
#.#..#
...####ao.#
.....@.@.#
#######.##
#.# #.# #.#
#.# #?# #.#


You could see a phantom, Sigmund, a worker ant, an orc priest and 2 orcs.

Vanquished Creatures
  A hound (D:3)
  2 adders (D:2)
  2 dart slugs (D:3)
  A leopard gecko (D:3)
  4 orcs (D:3)
  A giant cockroach (D:2)
  5 goblins
  2 hobgoblins
  2 jackals (D:3)
  A kobold (D:3)
  A quokka (D:3)
  5 bats
  3 frilled lizards (D:3)
  5 rats
35 creatures vanquished.

Vanquished Creatures (others)
  5 dream sheep (D:3)
5 creatures vanquished.

Grand Total: 40 creatures vanquished

Notes
Turn   | Place    | Note
-------+----------+-------------------------------------------
     0 | D:1      | iamserjio the Troll Fighter began the quest for the Orb.
     0 | D:1      | Reached XP level 1. HP: 22/22 MP: 0/0
    60 | D:2      | Reached XP level 2. HP: 28/29 MP: 1/1
    67 | D:2      | Reached skill level 3 in Unarmed Combat
   163 | D:2      | Found a glowing silver altar of Zin.
   250 | D:3      | Reached skill level 4 in Unarmed Combat
   250 | D:3      | Reached XP level 3. HP: 29/36 MP: 2/2
   307 | D:3      | Reached XP level 4. HP: 43/44 MP: 3/3
   431 | D:3      | Noticed a dream sheep
   431 | D:3      | Noticed a dream sheep
   431 | D:3      | Noticed a dream sheep
   431 | D:3      | Noticed a dream sheep
   431 | D:3      | Noticed a dream sheep
   431 | D:3      | Found a shimmering altar of Xom.
   435 | D:3      | Killed a dream sheep
   435 | D:3      | Killed a dream sheep
   435 | D:3      | Killed a dream sheep
   437 | D:3      | Killed a dream sheep
   439 | D:3      | Killed a dream sheep
   451 | D:3      | Found a faded altar of an unknown god.
   492 | D:3      | Became a worshipper of Makhleb the Destroyer
   492 | D:3      | Reached * piety under Makhleb
   617 | D:4      | Noticed Sigmund
   617 | D:4      | Noticed a phantom
   626 | D:4      | Quit the game

Skill      XL: |  1  2 |
---------------+-------+-----
Unarmed Combat | 4 |  4.6
Fighting       | |  2.4
Dodging        | |  2.4
Shields        | |  2.4

Action                   |  1- 3 |  4- 6 || total
-------------------------+-------+-------++-------
Melee: Unarmed           |    53 |    40 ||    93
  Use: Potion            |       |     2 ||     2
  Eat: Chunk             |     6 |       ||     6
Armor: Robe              |    19 |    25 ||    44
Dodge: Dodged            |    27 |    21 ||    48
Block: Shield            |    28 |    20 ||    48
